 Dungeon Crawl Stone Soup version 0.30.1-3-gfc49f6343a (webtiles) character file.

Game seed: 12092731757894660514

13241 spardeous the Destroyer (level 11, -1/66 (74) HPs)
             Began as a Demigod Conjurer on Aug 1, 2023.
             Slain by a boulder beetle (16 damage)
             ... on level 11 of the Dungeon.
             The game lasted 00:16:53 (11391 turns).

spardeous the Destroyer (Demigod Conjurer)         Turns: 11391, Time: 00:16:55

HP:   -1/66 (74)    AC: 15    Str: 12    XL:     11   Next: 45%
MP:   3/29          EV: 11    Int: 31    God:
Gold: 738           SH:  0    Dex: 18    Spells: 19/29 levels left

rFire   + . .        H - staff of cold "Kuteotol" {rC+ Int+3}
rCold   + + .        (no shield)
rNeg    . . .        N - +2 ring mail {rF+}
rPois   .            y - +1 hat {Stlth+}
rElec   .            j - +0 cloak "Daemam" {rC+}
rCorr   .            (no gloves)
SInv    +            n - +1 pair of boots "Heboerr" {SInv}
Will    +....        l - amulet of magic regeneration
Stlth   ++           k - +6 ring of dexterity
HPRegen 0.31/turn    o - +4 ring of protection
MPRegen 0.61/turn

%: no passive effects
@: studying Necromancy, heavily drained
A: high MP 1, forlorn, divine attributes
a: no special abilities


You were on level 11 of the Dungeon.
You visited 1 branch of the dungeon, and saw 11 of its levels.
You also visited: Bailey.

You collected 738 gold pieces.

Inventory:

Hand Weapons
 a - a +1 dagger of speed
Missiles
 x - 2 throwing nets
Armour
 g - a +0 leather armour
 j - the +0 cloak "Daemam" (worn) {rC+}
   (You found it on level 2 of the Dungeon)

   rC:        It protects you from cold.
 n - the +1 pair of boots "Heboerr" (worn) {SInv}
   (You found it on level 3 of the Dungeon)

   SInv:      It lets you see invisible.
 y - a +1 hat of stealth (worn)
 N - a +2 ring mail of fire resistance (worn)
Magical Staves
 H - the staff of cold "Kuteotol" (weapon) {rC+ Int+3}
   (You found it on level 7 of the Dungeon)

   [staff of cold]

   Base accuracy: +5 Base damage: 5 Base attack delay: 1.2 This weapon's minimum
   attack delay (0.6) is reached at skill level 12.
   Int:       It affects your intelligence (+3).
   rC:        It protects you from cold.
   It falls into the 'Staves' category.
   It is a one-handed weapon.
Jewellery
 k - a +6 ring of dexterity (left hand)
 l - an amulet of magic regeneration (around neck)
 o - a +4 ring of protection (right hand)
 z - a ring of poison resistance
 C - a ring of resist corrosion
 D - a ring of positive energy
 K - an amulet of magic regeneration
 Q - a ring of wizardry
 R - a +6 ring of intelligence
 T - a ring of willpower
Wands
 p - a wand of flame (52)
 w - a wand of light (3)
 B - a wand of roots (7)
 E - a wand of polymorph (10)
Scrolls
 d - 2 scrolls of butterflies
 i - 5 scrolls of fear {unknown}
 q - 5 scrolls of teleportation {unknown}
 r - 2 scrolls of enchant armour
 u - a scroll of blinking
 F - a scroll of immolation
 G - 2 scrolls of enchant weapon
 M - a scroll of fog
Potions
 b - 2 potions of magic
 c - 3 potions of curing
 e - a potion of degeneration
 f - 2 potions of haste {unknown}
 h - a potion of resistance {unknown}
 m - a potion of flight
 s - a potion of lignification
 t - 3 potions of might {unknown}
 v - a potion of berserk rage {unknown}
 A - a potion of cancellation
 I - 2 potions of mutation
 L - 2 potions of invisibility
 O - 2 potions of heal wounds {unknown}
 S - a potion of ambrosia
Miscellaneous
 J - a phantom mirror
 P - a box of beasts


   Skills:
 - Level 1.7 Dodging
 - Level 1.7 Stealth
 + Level 9.7 Spellcasting
 - Level 10.3 Conjurations
 - Level 7.2 Necromancy
 + Level 9.1 Translocations


You had 19 spell levels left.
You knew the following spells:

 Your Spells              Type           Power      Damage    Failure   Level
a - Magic Dart            Conj           100%       1d8       1%          1
b - Searing Ray           Conj           100%       2d8       1%          2
c - Iskenderun's Mystic   Conj/Tloc      66%        2d14      1%          4
d - Ignite Poison         Fire/Tmut/Pois 15%        N/A       22%         3

Your spell library contained the following spells:

 Spells                   Type           Power      Damage    Failure   Level
 Kiss of Death            Conj/Necr      100%       2d13      1%          1
 Dazzling Flash           Conj/Hex       94%        N/A       2%          3
 Hailstorm                Conj/Ice       63%        3d13      2%          3
 Dispel Undead            Necr           56%        3d20      4%          4
 Freeze                   Ice            88%        1d9       8%          1
 Fulminant Prism          Conj/Hex       23%        3d12      9%          4
 Sticky Flame             Conj/Fire      47%        2d6       9%          4
 Confusing Touch          Hex            15%        N/A       22%         3
 Frozen Ramparts          Ice            44%        1d7       22%         3
 Inner Flame              Hex/Fire       15%        N/A       22%         3
 Summon Forest            Summ/Tloc      21%        N/A       32%         5
 Summon Ice Beast         Ice/Summ       22%        N/A       58%         4
 Summon Mana Viper        Hex/Summ       15%        N/A       91%         5
 Yara's Violent Unravell  Hex/Tmut       7%         3d5       91%         5
 Simulacrum               Ice/Necr       27%        N/A       95%         6
 Enfeeble                 Hex            7%         N/A       100%        7
 Monstrous Menagerie      Summ           7%         N/A       100%        7
 Ignition                 Fire           7%         3d5       100%        8


Dungeon Overview and Level Annotations

Branches:
Dungeon (11/15)            Temple (0/1) D:6             Orc (0/2) D:10
 Bailey (visited)
   Lair: D:8-11

Shops:
D:4 =   D:6 (   D:11 *


Innate Abilities, Weirdness & Mutations

You have an increased reservoir of magic. (+10% MP)
You shall have no god before yourself.
Your divine heritage dramatically boosts your attributes as you level up.


Message History

You now have 12/29 mp.
Unknown command.
Casting: Iskenderun's Mystic Blast (dangerous; 1% risk of failure)
Confirm with . or Enter, or press ? or * to list all spells.
You erupt in a blast of force!
The mystic blast hits Nergalle but does no damage.
Nergalle is severely wounded.
The mystic blast hits the boulder beetle but does no damage.
The boulder beetle is severely wounded.
You now have 9/29 mp.
Casting: Iskenderun's Mystic Blast (dangerous; 1% risk of failure)
Confirm with . or Enter, or press ? or * to list all spells.
You erupt in a blast of force!
The mystic blast hits Nergalle!
Nergalle is almost dead.
Nergalle is knocked back by the mystic blast.
Nergalle slams into the rock wall!
The mystic blast hits the boulder beetle but does no damage.
The boulder beetle is severely wounded.
The boulder beetle bites you!
Nergalle gestures at you while chanting.
The bolt of negative energy hits you!!
You feel drained.
* * * LOW HITPOINT WARNING * * *
You take 34 damage, and have 9/66 hp.
MASSIVE DAMAGE!!
You now have 5/29 mp.
You feel better.
The boulder beetle bites you but does no damage.
Nergalle hits you but does no damage.
You regained 5 hp, and now have 14/66 hp.
Casting: Iskenderun's Mystic Blast (dangerous; 1% risk of failure)
Confirm with . or Enter, or press ? or * to list all spells.
You erupt in a blast of force!
The mystic blast hits Nergalle.
Nergalle is almost dead.
Nergalle is knocked back by the mystic blast.
Nergalle slams into the rock wall!
You kill Nergalle!
The mystic blast hits the boulder beetle!
The boulder beetle is severely wounded.
The boulder beetle is knocked back by the mystic blast.
The boulder beetle slams into the rock wall!
The boulder beetle bites you!
You die...

####.#####.####
.>...○!........ #.# #.#
#.# #.# #.# #.# #.# #.#
#.# #.# #
#.#####)#####.#######)###
........@......../...<.<)
#.#####B#######.#######÷(
#.# .# #.. #.# # #.. #.#
#.. #.# #.. #.# #.. #.#
#.. #.#


You could see a boulder beetle.

Vanquished Creatures
  3 two-headed ogres
  Amaemon (D:9)
  Nergalle (D:11)
  An orc knight (Bailey)
  A deep elf pyromancer (Bailey)
  A cyclops (D:11)
  An orange demon (D:9)
  A gargoyle (D:10)
  A komodo dragon (D:11)
  A hornet (D:6)
  A troll (D:10)
  2 slime creatures
  A shadow (D:9)
  3 wyverns
  14 yaks
  A wraith (D:10)
  A vampire mosquito (D:8)
  Grum (D:11)
  2 steam dragons (D:8)
  3 wargs (D:10)
  An acid dragon (D:10)
  A water moccasin (D:8)
  3 ice beasts
  10 orc warriors
  A black bear (D:6)
  2 sky beasts
  2 wolves (D:11)
  A centaur (D:10)
  A kobold brigand (D:10)
  A gnoll sergeant (D:9)
  2 scorpions
  12 wights
  7 killer bees (D:8)
  A howler monkey (D:8)
  6 electric eels (D:7)
  2 jellies
  3 hounds (D:5)
  8 orc priests
  2 gnoll boudas
  Natasha (thrice) (D:2)
  10 orc wizards
  Robin (D:3)
  8 gnolls
  11 adders
  3 white imps
  28 orcs
  8 bats
  6 endoplasms
  4 giant cockroaches
  17 goblins
  7 hobgoblins
  3 quokkas
  8 ball pythons
  5 frilled lizards
  13 kobolds
  2 rats
  2 butterflies (D:6)
246 creatures vanquished.

Vanquished Creatures (others)
  An orc (D:11)
1 creature vanquished.

Grand Total: 247 creatures vanquished

Notes
Turn   | Place    | Note
-------+----------+-------------------------------------------
     0 | D:1      | spardeous the Demigod Conjurer began the quest for the Orb.
     0 | D:1      | Reached XP level 1. HP: 14/14 MP: 5/5
   614 | D:1      | Reached XP level 2. HP: 20/20 MP: 3/7
  1098 | D:2      | Reached skill level 4 in Conjurations
  1218 | D:2      | Noticed Natasha
  1232 | D:2      | Killed Natasha
  1233 | D:2      | Reached XP level 3. HP: 26/26 MP: 0/9
  1344 | D:2      | Identified the +0 cloak "Daemam" {rC+}
  1365 | D:2      | Got Vocoerai's Almanac of the Subzero Union
  1414 | D:2      | Learned a level 2 spell: Searing Ray
  1439 | D:2      | Noticed Natasha
  1443 | D:2      | Killed Natasha
  1444 | D:2      | Reached XP level 4. HP: 33/33 MP: 2/11
  1541 | D:2      | Noticed Natasha
  1556 | D:2      | Killed Natasha
  2253 | D:3      | Identified the +1 pair of boots "Heboerr" {SInv}
  2516 | D:3      | Reached XP level 5. HP: 38/38 MP: 10/13
  2593 | D:3      | Noticed Robin
  2602 | D:3      | Reached skill level 5 in Conjurations
  2696 | D:3      | Killed Robin
  3586 | D:4      | Reached XP level 6. HP: 39/45 MP: 8/15
  3818 | D:4      | Found Tipp's Jewellery Shop.
  3832 | D:4      | Learned a level 4 spell: Iskenderun's Mystic Blast
  4268 | D:5      | Entered Level 5 of the Dungeon
  4536 | D:5      | Reached skill level 6 in Conjurations
  4905 | D:6      | Found Senteqont's Antique Weapon Boutique.
  5009 | D:6      | Found a staircase to the Ecumenical Temple.
  5084 | D:6      | Reached skill level 1 in Translocations
  5084 | D:6      | Reached XP level 7. HP: 50/50 MP: 11/17
  5098 | D:6      | Noticed a hornet
  5115 | D:6      | Killed a hornet
  5116 | D:6      | Reached skill level 5 in Spellcasting
  5854 | D:7      | Reached skill level 7 in Conjurations
  5854 | D:7      | Reached XP level 8. HP: 55/57 MP: 12/20
  6213 | D:7      | Noticed a slime creature
  6227 | D:7      | Killed a slime creature
  6968 | D:7      | Identified the staff of cold "Kuteotol" {rC+ Int+3}
  7164 | D:7      | Reached skill level 8 in Conjurations
  7441 | D:8      | Reached skill level 5 in Translocations
  7441 | D:8      | Reached XP level 9. HP: 45/62 MP: 18/23
  7581 | D:8      | Noticed a two-headed ogre
  7620 | D:8      | Killed a two-headed ogre
  7621 | D:8      | Reached skill level 9 in Conjurations
  7770 | D:8      | Found a flagged portal.
  7781 | Bailey   | Entered a bailey
  7877 | Bailey   | Reached XP level 10. HP: 69/69 MP: 2/26
  7948 | Bailey   | Noticed an orc knight
  7996 | Bailey   | Found a large runed translucent door.
  7996 | Bailey   | Found a large runed translucent door.
  7997 | Bailey   | Noticed a deep elf pyromancer
  8019 | Bailey   | Killed an orc knight
  8217 | Bailey   | Killed a deep elf pyromancer
  8814 | D:8      | Reached skill level 1 in Necromancy
  8994 | D:9      | Reached skill level 10 in Conjurations
  9135 | D:9      | Noticed Amaemon
  9147 | D:9      | Noticed a two-headed ogre
  9163 | D:9      | Killed Amaemon
  9218 | D:9      | Killed a two-headed ogre
  9299 | D:9      | Noticed a +0 spear
  9346 | D:9      | Noticed a +0 short sword
  9347 | D:9      | Noticed a +0 falchion
  9347 | D:9      | Noticed a +0 short sword
  9348 | D:9      | Noticed a +0 dagger
  9350 | D:9      | Noticed a +0 dagger
  9350 | D:9      | Noticed a +0 spear
  9351 | D:9      | Noticed a +0 falchion
  9376 | D:9      | Reached XP level 11. HP: 63/74 MP: 12/28
  9749 | D:10     | Entered Level 10 of the Dungeon
  9767 | D:10     | Reached skill level 5 in Necromancy
  9842 | D:10     | Noticed a cacodemon
  9944 | D:10     | Noticed a two-headed ogre
  9954 | D:10     | Killed a two-headed ogre
 10197 | D:10     | Learned a level 3 spell: Ignite Poison
 10525 | D:10     | Found a staircase to the Orcish Mines.
 11063 | D:11     | Noticed Nergalle
 11063 | D:11     | Found Path's General Store.
 11064 | D:11     | Noticed Grum
 11067 | D:11     | Killed Grum
 11350 | D:11     | Noticed a boulder beetle
 11391 | D:11     | Killed Nergalle
 11391 | D:11     | Slain by a boulder beetle

Illustrated notes

Levels and vault maps discovered:
D:1:      minmay_arrival_widening_spiral_wide, layout_loops_cross,
          hellmonk_ecumenical_altar_slurped_away
D:2:      layout_loops_ring, uniq_natasha
D:3:      layout_basic, grunt_ministairs_3, uniq_robin
D:4:      layout_basic, serial_shops, nicolae_shop_tiny_waterfront
D:5:      layout_gridville, evilmike_ruin_ashenzari
D:6:      layout_basic, kennysheep_mini_moat, minmay_temple_entry_butterflies,
          serial_shops, nicolae_shop_overgrown_old_shop
D:7:      cheibrodos_two_vegetables, layout_basic, mainiacjoe_overflow_brackets
D:8:      layout_gridville, enter_bailey_2, glass_columns_a,
          hangedman_glass_teeth, minmay_manual_mail
D:9:      corexii_shack_village, layout_rooms, nicolae_uskayaw_en_pointe,
          uniq_amaemon
D:10:     layout_grid_maze, cheibriados_altar_1, nicolae_overflow_crystal_walls,
          makhleb_altar_promises_db, minmay_orc_entry_guard_dogs,
          minmay_diced_spiral
D:11:     layout_small_grid, erik_lair_orcish_takeover, serial_shops,
          statue_bzr, nicolae_shop_temple_entry_statues_fountains,
          nicolae_shop_tiny_glass, gammafunk_ghost_wrathful_warriors,
          uniq_nergalle, uniq_grum

Skill      XL: |  1  2  3  4  5  6  7  8  9 10 11 |
---------------+----------------------------------+-----
Spellcasting   | 2 3 4 5 6 7 9 |  9.7
Conjurations   | 4 5 6 7 8 9 10 | 10.3
Translocations | 1 3 5 6 8 9 |  9.1
Necromancy     | 4 7 |  7.2
Dodging        | |  1.7
Stealth        | |  1.7

Action                     |  1- 3 |  4- 6 |  7- 9 | 10-12 || total
---------------------------+-------+-------+-------+-------++-------
  Melee: Unarmed           |       |       |     3 |       ||     3
         Staff             |       |       |     1 |    14 ||    15
   Cast: Magic Dart        |    61 |   174 |    47 |       ||   282
         Searing Ray       |       |    12 |    21 |       ||    33
         Iskenderun's Myst |       |       |    54 |   163 ||   217
    Use: Potion            |       |       |     3 |     2 ||     5
         Scroll            |       |       |       |    13 ||    13
 Armour: Leather armour    |     4 |     8 |     3 |       ||    15
         Robe              |     1 |       |       |       ||     1
         Ring mail         |       |       |    21 |    28 ||    49
  Dodge: Dodged            |    14 |    13 |    52 |    39 ||   118
